 Dungeon Crawl Stone Soup version 0.28-a0-796-gd4f0d3f9b2 (webtiles) character file.

Game seed: 9905423825836686240

1795 Decritt the Skirmisher (level 8, -1/73 HPs)
             Began as a Minotaur Monk on Nov 6, 2021.
             Slain by a sun demon (17 damage)
             ... summoned by a kobold demonologist
             ... on level 5 of the Dungeon.
             The game lasted 00:12:38 (5627 turns).

Decritt the Skirmisher (Minotaur Monk)              Turns: 5627, Time: 00:12:39

Health: -1/73      AC:  9    Str: 23    XL:     8   Next: 83%
Magic:  7/7        EV: 14    Int:  7    God:
Gold:   176        SH:  0    Dex: 14    Spells: 7/7 levels left

rFire   . . .      SeeInvis .   j - +0 bardiche
rCold   . . .      Faith    .   (shield currently unavailable)
rNeg    . . .      Spirit   .   m - +0 ring mail
rPois   .          Reflect  .   (helmet restricted)
rElec   .          Harm     .   (no cloak)
rCorr   .          Rampage  .   (no gloves)
Will    .....                   s - +2 pair of boots
Stlth   +.........              (no amulet)
HPRegen 0.22/turn               f - +6 ring of strength
MPRegen 0.10/turn               (no ring)

@: no status effects
A: horns 2, retaliatory headbutt
a: no special abilities


You were on level 5 of the Dungeon.
You visited 1 branch of the dungeon, and saw 6 of its levels.

You collected 176 gold pieces.

Inventory:

Hand Weapons
 c - a +1 whip of freezing
 d - a +0 morningstar
 j - a +0 bardiche (weapon)
 o - a +1 scythe
Missiles
 b - 4 silver javelins
 i - 68 stones
 k - 14 poisoned darts (quivered)
 t - 6 boomerangs
Armour
 g - a +0 buckler
 m - a +0 ring mail (worn)
 s - a +2 pair of boots (worn)
Jewellery
 f - a +6 ring of strength (left hand)
Wands
 l - a wand of iceblast (5)
 q - a wand of charming (2)
Scrolls
 r - 3 scrolls of identify
Potions
 a - a potion of lignification
 e - a potion of magic
 h - 2 potions of heal wounds
 n - a potion of haste
 p - 3 potions of curing


   Skills:
 + Level 7.5 Fighting
 + Level 7.5 Axes
 - Level 3.0 Throwing
 + Level 6.3 Armour
 + Level 6.8 Dodging
 - Level 1.5 Stealth


You had 7 spell levels left.
You didn't know any spells.
Your spell library contained the following spells:

 Spells                   Type           Power      Damage    Failure   Level
 Petrify                  Tmut/Erth      0%         N/A       100%        4
 Metabolic Englaciation   Hex/Ice        0%         N/A       100%        5
 Statue Form              Tmut/Erth      0%         N/A       100%        6


Dungeon Overview and Level Annotations

Branches:
Dungeon (6/15)
 Temple: D:4-7

Altars:
Hepliaklqana
Trog


Innate Abilities, Weirdness & Mutations

You have a pair of horns on your head.
You reflexively headbutt those who attack you in melee.


Message History

The kobold demonologist misses you.
You hit the kobold demonologist but do no damage.
The kobold demonologist is lightly wounded.
The kobold demonologist hits you but does no damage.
The crimson imp hits you but does no damage.
The white imp hits you but does no damage.
The kobold demonologist hits you with a +0 dagger.
You slash the kobold demonologist!
The kobold demonologist is heavily wounded.
The crimson imp hits you. The white imp misses you. You furiously retaliate!
You headbutt the white imp!
You kill the white imp!
The white imp disappears in a puff of smoke!
The kobold demonologist hits you but does no damage.
The white imp hits you but does no damage.
The crimson imp closely misses you. You furiously retaliate!
You headbutt the crimson imp.
The kobold demonologist barely misses you.
You slice the kobold demonologist!!
Your headbutt misses the kobold demonologist.
The kobold demonologist is almost dead.
The crimson imp blinks!
The white imp gestures at you. The puff of frost hits you!
The kobold demonologist mumbles some strange words.
The white imp barely misses you.
You closely miss the kobold demonologist.
The kobold demonologist is almost dead.
The kobold demonologist hits you but does no damage.
The sun demon hits you.
You are engulfed in flames!
* * * LOW HITPOINT WARNING * * *
The white imp barely misses you. You furiously retaliate!
You headbutt the white imp, but do no damage.
The kobold demonologist closely misses you.
You barely miss the kobold demonologist.
The kobold demonologist is almost dead.
The sun demon hits you!
* * * LOW HITPOINT WARNING * * *
You are engulfed in flames!
You die...

####.# ##.# # #....######..#
# ######............# #
...............#..####### #
.#####.............(....#
####### .#
#..########..#####.###......
.# #..# ##..# #...........
.# #..#
####3.K####..###.##### .#
#..# #...5@5............###
.# #..#
#.##...####........... .#
##.# #.###..# #...[..#.###
.# #.# #.# #..# #......#.#
.# #.####.###..# #........#
.# #...........# #......###
.# #..........#####......#
.# #.##.####### #...##.###
ยง# #.##.# #.####.# #


You could see a sun demon (summoned), a kobold demonologist, a crimson imp
(summoned) and a white imp (summoned).

Vanquished Creatures
  Pikel (D:4)
  Grinder (D:3)
  Sigmund (D:3)
  2 sky beasts (D:5)
  A lemure (D:4)
  2 phantoms
  2 kobold brigands
  3 scorpions
  2 hounds (D:4)
  A bullfrog skeleton (D:5)
  Jessica (D:3)
  An orc wizard (D:5)
  A hound skeleton (D:4)
  Robin (D:3)
  5 adders
  4 gnolls (D:4)
  An adder skeleton (D:4)
  3 worms
  4 orcs
  10 ball pythons
  9 endoplasms
  A giant cockroach (D:1)
  5 hobgoblins
  6 jackals (D:4)
  4 quokkas
  3 bats
  3 frilled lizards
  15 goblins
  9 kobolds
  3 rats
105 creatures vanquished.

Vanquished Creatures (others)
  3 plants (D:3)
3 creatures vanquished.

Grand Total: 108 creatures vanquished

Notes
Turn   | Place    | Note
-------+----------+-------------------------------------------
     0 | D:1      | Decritt the Minotaur Monk began the quest for the Orb.
     0 | D:1      | Reached XP level 1. HP: 19/19 MP: 0/0
   324 | D:1      | Reached XP level 2. HP: 27/27 MP: 1/1
   330 | D:1      | Reached skill level 1 in Armour
  1033 | D:1      | Reached XP level 3. HP: 32/33 MP: 2/2
  1098 | D:1      | Found a bloodstained altar of Trog.
  1732 | D:2      | Found a faded altar of an unknown god.
  2277 | D:3      | Noticed Grinder
  2339 | D:3      | Noticed Jessica
  2344 | D:3      | Killed Jessica
  2345 | D:3      | Reached XP level 4. HP: 31/40 MP: 3/3
  2486 | D:3      | Noticed Sigmund
  2506 | D:3      | Killed Sigmund
  2507 | D:3      | Reached skill level 1 in Throwing
  2507 | D:3      | Reached XP level 5. HP: 35/47 MP: 4/4
  2562 | D:3      | Killed Grinder
  2563 | D:3      | Reached skill level 5 in Fighting
  2563 | D:3      | Reached skill level 5 in Axes
  2563 | D:3      | Reached XP level 6. HP: 6/56 MP: 5/5
  2882 | D:3      | Noticed Robin
  2893 | D:3      | Killed Robin
  3712 | D:4      | Reached XP level 7. HP: 49/61 MP: 6/6
  3902 | D:4      | Identified the +7 ring mail of Extoqyx {rC+ Will+ Regen+}
  3938 | D:4      | Reached skill level 5 in Dodging
  4311 | D:4      | Noticed Pikel
  4319 | D:4      | Killed Pikel
  4320 | D:4      | Reached skill level 5 in Armour
  4320 | D:4      | Reached XP level 8. HP: 40/71 MP: 7/7
  4732 | D:5      | Entered Level 5 of the Dungeon
  5430 | D:5      | Found a faded altar of an unknown god.
  5431 | D:5      | Found a hazy altar of Hepliaklqana.
  5611 | D:6      | Noticed a kobold demonologist
  5626 | D:5      | Noticed a sun demon
  5627 | D:5      | Slain by a sun demon

Illustrated notes

Levels and vault maps discovered:
D:1:      lemuel_arrival_behind_the_door_large, layout_basic,
          kennysheep_flooded_box, amethyst_killhole
D:2:      layout_loops_corners, shapermc_ecumenical_altar_mp_highgroup
D:3:      layout_loops_cross, serial_forest, infiniplex_forest_end_3,
          infiniplex_forest_clump_diagonal, infiniplex_forest_straight_4,
          infiniplex_forest_clump_curved, infiniplex_forest_zigzag_2,
          infiniplex_forest_clump_small, infiniplex_forest_lined_2,
          kennysheep_crisscross, kennysheep_generic_room_8, uniq_sigmund,
          uniq_jessica, uniq_grinder, uniq_robin
D:4:      layout_rooms, chequers_serial_rivers_small_b, grunt_decor_arrowhead,
          uniq_pikel
D:5:      layout_loops_ring, beargit_hepliaklqana_dungeon_heroes
D:6:      layout_basic, minmay_temple_entry_trees, serial_shops,
          nicolae_shop_stone, hangedman_glass_teeth, uniq_eustachio

Skill      XL: |  1  2  3  4  5  6  7  8 |
---------------+-------------------------+-----
Armour         | 1 2 3 5 6 |  6.3
Axes           | 4 5 6 7 |  7.5
Fighting       | 4 5 6 7 |  7.5
Throwing       | 1 2 3 |  3.0
Dodging        | 4 6 |  6.8
Stealth        | |  1.5

Action                   |  1- 3 |  4- 6 |  7- 9 || total
-------------------------+-------+-------+-------++-------
Melee: Hand axe          |    75 |     6 |       ||    81
       Headbutt          |    10 |     9 |    13 ||    32
       Scythe            |       |    43 |    55 ||    98
       Morningstar       |       |       |    24 ||    24
       Bardiche          |       |       |    23 ||    23
Throw: Stone             |    19 |     6 |       ||    25
       Dart              |       |    13 |    63 ||    76
  Use: Scroll            |     1 |     6 |     4 ||    11
 Stab: Sleeping          |     8 |       |       ||     8
Armor: Robe              |    12 |       |       ||    12
       Ring mail         |       |    26 |    46 ||    72
Dodge: Dodged            |    37 |    49 |    85 ||   171
Block: Buckler           |     3 |     1 |     2 ||     6

Table legend: (Time is in decaauts)
 A = Elapsed time spent in this place.
 B = Non-inter-level travel time spent in this place.
 C = Inter-level travel time spent in this place.
 D = Time resting spent in this place.
 E = Time spent auto-exploring this place.
 F = Levels seen in this place.
 G = Mean time per level.
                   A        B        C        D        E       F      G
               +--------+--------+--------+--------+--------+-----+--------+
         Total |   5739 |   5591 |    148 |    496 |   4171 |   6 |  956.5 |
       Dungeon |   5739 |   5591 |    148 |    496 |   4171 |   6 |  956.5 |
               +--------+--------+--------+--------+--------+-----+--------+

Top non-repeatable levels by time:
     D:3: 1481 daAuts
     D:1: 1322 daAuts
     D:4: 1081 daAuts
     D:2: 939 daAuts
     D:5: 899 daAuts
     D:6: 15 daAuts
